Map: Sandstorm CE

Players

KRIPTON

  • Race: Protoss Protoss
  • League: Gold
  • Spawn Location: 11:00

Buttchug

  • Race: Zerg Zerg
  • League: Platinum
  • Spawn Location: 11:00

David

  • Race: Terran Terran
  • Spawn Location: 11:00

MANSTILLDOWN

  • Race: Protoss Protoss
  • Spawn Location: 5:00

BOB

  • Race: Terran Terran
  • League: Gold
  • Spawn Location: 5:00

GTRayle

  • Race: Protoss Protoss
  • Spawn Location: 3:00

VOD

Have the link to the VOD?

Description

Time

  • Played on: April 10, 2025, 3:12 p.m.
  • Length: 2:15
Show
View Real Time Build Order
Export as new Build Order

KRIPTON Protoss 

Build Orders:  

Get SALT Encoding   

  12  0:12  Pylon  
  12  0:16  Probe  
  13  0:24  Probe  
  13  0:34  Probe  
  14  0:36  Gateway  
  15  0:46  Assimilator, Probe  
  16  0:55  Assimilator  
  16  0:57  Probe  
  17  1:05  Probe  
  18  1:13  Probe  
  19  1:25  Cybernetics Core, Probe  
  20  1:31  Pylon  
  20  1:37  Probe  
  21  1:47  Forge  
  21  1:49  Probe  
Show
View Real Time Build Order
Export as new Build Order

Buttchug Zerg 

Build Orders: Pool First 

Get SALT Encoding   

  12  0:00  Drone  
  13  0:08  Drone  
  14  0:26  Spawning Pool  
  13  0:29  Drone  
  14  0:37  Overlord  
  14  0:56  Drone  
  15  1:13  Zergling x2  
  15  1:14  Queen, Zergling x4  
  20  1:25  Zergling x2  
  21  1:35  Zergling x2  
  22  1:43  Hatchery  
  22  1:46  Zergling x2  
Show
View Real Time Build Order
Export as new Build Order

David Terran 

Build Orders:  

Get SALT Encoding   

  12  0:01  SCV  
  13  0:13  SCV  
  14  0:24  Supply Depot  
  14  0:49  Barracks  
  14  0:55  Refinery  
  14  0:58  SCV  
  15  1:10  SCV  
  16  1:27  SCV  
  17  1:46  Command Center  
  17  1:49  Marine  
Show
View Real Time Build Order
Export as new Build Order

MANSTILLDOWN Protoss 

Build Orders: Cannon Rush 

Get SALT Encoding   

  12  0:16  Probe  
  13  0:24  Probe  
  13  0:26  Pylon  
  13  0:34  Probe  
  15  0:45  Forge  
  15  0:49  Probe  
  16  1:12  Pylon  
  16  1:34  Photon Cannon  
  16  1:37  Photon Cannon  
  16  1:40  Photon Cannon  
  16  1:42  Photon Cannon  
  16  1:48  Pylon  
  16  1:56  Pylon  
  16  2:13  Photon Cannon  
Show
View Real Time Build Order
Export as new Build Order

BOB Terran 

Build Orders:  

Get SALT Encoding   

  12  0:04  SCV  
  13  0:16  SCV  
  14  0:28  SCV  
  15  0:41  Supply Depot  
  15  0:58  Refinery  
  15  1:03  SCV, Refinery  
  16  1:07  Barracks  
  16  1:15  SCV  
  17  1:27  SCV  
  18  1:39  SCV  
  19  1:51  SCV  
  20  1:56  Supply Depot  
  20  1:57  Factory  
Show
View Real Time Build Order
Export as new Build Order

GTRayle Protoss 

Build Orders:  

Get SALT Encoding   

  12  0:02  Probe  
  13  0:14  Probe  
  14  0:20  Pylon  
  14  0:26  Probe  
  15  0:38  Probe  
  16  0:43  Forge  
  16  0:50  Probe  
  17  1:02  Probe  
  18  1:14  Probe  
  19  1:26  Probe  
  19  1:28  Pylon  
  19  1:32  Gateway  
  20  1:37  Assimilator  
  20  1:38  Probe  
  21  1:45  Pylon  
  21  1:48  Photon Cannon  
  21  1:54  Photon Cannon  
Tags
 
Add a new tag
Caveats
  • Supply blocks, unpowered buildings, or Contaminate may cause inaccurate times.
  • Supply counts are checked every 10 seconds.